 Dungeon Crawl Stone Soup version 0.31-a0-1476-g8a4046af8c (webtiles) character file.

Game seed: 17577507273935346988

275 Ivernyr the Shield-Bearer (level 6, -14/49 HPs)
             Began as a Formicid Fighter on Dec 29, 2023.
             Demolished by Crazy Yiuf
             ... wielding a +2 quarterstaff of chaos
              (19 damage)
             ... on level 3 of the Dungeon.
             The game lasted 00:04:35 (2288 turns).

Ivernyr the Shield-Bearer (Formicid Fighter)        Turns: 2288, Time: 00:04:36

Health: -14/49     AC:  3    Str: 22    XL:     6   Next: 50%
Magic:  3/6        EV: 10    Int:  8    God:
Gold:   139        SH:  5    Dex: 13    Spells: 5/5 levels left

rFire   . . .        a - +0 quarterstaff
rCold   . . .        c - +0 buckler
rNeg    . . .        b - +0 troll leather armour {Pargi}
rPois   .            (helmet unavailable)
rElec   .            (no cloak)
rCorr   .            (no gloves)
SInv    +            (no boots)
Will    .....        (no amulet)
Stlth   +            (no ring)
HPRegen 1.08/turn    (no ring)
MPRegen 0.10/turn

%: no passive effects
@: fragile (+50% incoming damage)
A: permanent stasis, dig shafts and tunnels, antennae 3, four strong arms
a: Dig, Shaft Self


You were on level 3 of the Dungeon.
You visited 1 branch of the dungeon, and saw 3 of its levels.
You also visited: Sewer.

You collected 139 gold pieces.

Inventory:

Hand Weapons
 a - a +0 quarterstaff (weapon)
Armour
 b - a +0 troll leather armour (worn) {Pargi}
 c - a +0 buckler (worn)
Scrolls
 d - a scroll of enchant armour {unknown}
 e - a scroll of butterflies {unknown}
 g - 5 scrolls of identify {unknown}
 h - a scroll of enchant weapon {unknown}
 j - 2 scrolls of fog {unknown}
 l - a scroll of blinking {unknown}
 m - 2 scrolls of teleportation {unknown}
 n - a scroll of poison {unknown}
 p - a scroll of immolation {unknown}
 r - a scroll of fear {unknown}
 s - a scroll of revelation {unknown}
Potions
 f - a potion of heal wounds {unknown}
 i - a potion of haste {unknown}
 k - a potion of invisibility {unknown}
 o - a potion of curing {unknown}
 q - 2 potions of brilliance {unknown}
 t - a potion of lignification {unknown}
 u - a potion of ambrosia {unknown}


   Skills:
 + Level 4.4 Fighting
 * Level 4.3 Staves
 + Level 4.4 Armour
 + Level 5.3 Shields


You had 5 spell levels left.
You didn't know any spells.
Your spell library contained the following spells:

 Spells                   Type           Power      Damage    Failure   Level
 Lesser Beckoning         Tloc           0%         N/A       65%         2
 Momentum Strike          Conj/Tloc      0%         3d8       65%         2
 Gell's Gravitas          Tloc           0%         N/A       87%         3
 Teleport Other           Tloc           0%         N/A       87%         3
 Volatile Blastmotes      Fire/Tloc      0%         2d10      87%         3
 Fulminant Prism          Conj/Alch      0%         3d5       99%         4
 Iskenderun's Mystic Bla  Conj/Tloc      0%         2d3       99%         4
 Blink                    Tloc           Unusable   N/A       N/A         2

Dungeon Overview and Level Annotations

Branches:
Dungeon (3/15)              Sewer (visited)

Altars:
Uskayaw

Annotations:
D:3 Crazy Yiuf


Innate Abilities, Weirdness & Mutations

You cannot be hasted, slowed, berserked, paralysed or teleported.
You can dig through walls and to a lower floor.
You have a pair of large antennae on your head. (SInv)
Your four strong arms can wield two-handed weapons with a shield.


Message History

A jackal comes into view.
A jackal comes into view.
The jackal barks!
You block the jackal's attack. The jackal closely misses you.
You sock the jackal!
You kill the jackal!
You block the jackal's attack.
You barely miss the jackal.
The jackal bites you but does no damage.
You sock the jackal!
You kill the jackal!
You hit the jackal.
The jackal is moderately wounded.
You block the jackal's attack. x2
You thump the jackal!
You kill the jackal!
Things that are here:
a jackal corpse; a jackal corpse; a jackal corpse You now have 139 gold pieces (gained 12).
Found a hammer.
Found a runed translucent door.
Crazy Yiuf shouts!
Crazy Yiuf whimpers, "Whiteboard!
Sif Muna sanguine action."
You sense a monster nearby.
Crazy Yiuf yells, "Ten tea pontify!"
You open the door. You hit Crazy Yiuf.
Crazy Yiuf is lightly wounded.
Crazy Yiuf hits you with a +2 quarterstaff of chaos!
You feel your power leaking away.
You hit Crazy Yiuf.
Crazy Yiuf is moderately wounded.
Crazy Yiuf hits you with a +2 quarterstaff of chaos!
Your body becomes as fragile as glass!
You hit Crazy Yiuf.
Crazy Yiuf is heavily wounded.
Crazy Yiuf hits you with a +2 quarterstaff of chaos!
You are electrocuted!
* * * LOW HITPOINT WARNING * * *
Crazy Yiuf hits you with a +2 quarterstaff of chaos!
You die...

#.######.#######..#####..#
#..........# #....#
#######....# ♣....♣
...........# ♣♣...♣
######.....# ♣♣.♣♣ #
#.##..#..# ♣♣.♣ #
#.##..#..# ♣.♣♣
###.....#..# ♣♣.♣
...........# ♣@♣♣
###.##(##..# #g#
...........# ...
....####..## #...# ..<.#
#...# #)..# ###.# #..##
##### ###.# #...#
..#.####...#########
#.#................#


You could see Crazy Yiuf.

Vanquished Creatures
  Pargi (Sewer)
  A bombardier beetle (D:3)
  An iguana (D:3)
  3 adders
  A river rat (D:3)
  3 worms
  A dart slug (D:1)
  An orc (D:3)
  4 bats
  5 endoplasms
  4 giant cockroaches
  6 hobgoblins
  11 jackals
  2 quokkas (D:1)
  9 ball pythons
  3 frilled lizards
  5 goblins
  5 kobolds
  4 rats
70 creatures vanquished.

Notes
Turn   | Place    | Note
-------+----------+-------------------------------------------
     0 | D:1      | Ivernyr the Formicid Fighter began the quest for the Orb.
     0 | D:1      | Reached XP level 1. HP: 18/18 MP: 1/1
    97 | D:1      | Reached XP level 2. HP: 24/24 MP: 2/2
   396 | D:1      | Reached XP level 3. HP: 29/29 MP: 3/3
  1177 | D:2      | Found a faded altar of an unknown god.
  1282 | D:2      | Reached XP level 4. HP: 37/37 MP: 4/4
  1615 | D:3      | Reached XP level 5. HP: 42/42 MP: 5/5
  1627 | D:3      | Found a glowing drain.
  1666 | Sewer    | Entered a sewer
  1747 | Sewer    | Noticed Pargi
  1755 | Sewer    | Killed Pargi
  1756 | Sewer    | Reached skill level 5 in Shields
  1756 | Sewer    | Reached XP level 6. HP: 45/49 MP: 6/6
  1830 | D:3      | Noticed a +0 short sword
  1830 | D:3      | Noticed a +0 spear
  1830 | D:3      | Noticed a +0 dagger
  1830 | D:3      | Noticed a +0 short sword
  1831 | D:3      | Noticed a +0 falchion
  1831 | D:3      | Noticed a +0 falchion
  1832 | D:3      | Noticed a +0 spear
  1832 | D:3      | Noticed a +0 dagger
  1860 | D:3      | Found a hide-covered altar of Uskayaw.
  2279 | D:3      | Found a runed translucent door.
  2280 | D:3      | Noticed Crazy Yiuf
  2288 | D:3      | Demolished by Crazy Yiuf

Illustrated notes

Levels and vault maps discovered:
D:1:      beargit_arrival_diablo_church, layout_basic
D:2:      layout_rooms, basic_ecumenical_altar, st_stairs_3,
          minmay_misc_feat_tower
D:3:      layout_basic, nicolae_uskayaw_en_pointe, portal_sewer_entry_c,
          minmay_checkerbox, uniq_crazy_yiuf_cottage

Skill      XL: |  1  2  3  4  5 |
---------------+----------------+-----
Staves         | 3 4 |  4.3
Fighting       | 4 |  4.4
Armour         | 4 |  4.4
Shields        | 5 |  5.3

Action                     |  1- 3 |  4- 6 || total
---------------------------+-------+-------++-------
  Melee: Quarterstaff      |   102 |   102 ||   204
    Use: Potion            |       |     1 ||     1
 Armour: Scale mail        |    75 |    31 ||   106
         Troll leather arm |       |    20 ||    20
  Dodge: Dodged            |    63 |    40 ||   103
  Block: Buckler           |    36 |    20 ||    56

Table legend: (Time is in decaauts)
 A = Elapsed time spent in this place.
 B = Non-inter-level travel time spent in this place.
 C = Inter-level travel time spent in this place.
 D = Time resting spent in this place.
 E = Time spent auto-exploring this place.
 F = Levels seen in this place.
 G = Mean time per level.
                   A        B        C        D        E       F      G
               +--------+--------+--------+--------+--------+-----+--------+
         Total |   2339 |   2277 |     62 |     30 |   1658 |   4 |  584.8 |
       Dungeon |   2167 |   2105 |     62 |     30 |   1560 |   3 |  722.3 |
         Sewer |    171 |    171 |      0 |      0 |     98 |   1 |  171.0 |
               +--------+--------+--------+--------+--------+-----+--------+

Top non-repeatable levels by time:
     D:1: 1090 daAuts
     D:3: 610 daAuts
     D:2: 466 daAuts
   Sewer: 171 daAuts
